 Dungeon Crawl Stone Soup version 0.28.0-45-g0d030f2227 (webtiles) character file.

Game seed: 2550812685838377545

7 DungeonMaster the Ducker (level 1, -1/16 HPs)
             Began as a Demonspawn Wanderer on Apr 17, 2022.
             Slain by a jackal (3 damage)
             ... on level 1 of the Dungeon.
             The game lasted 00:00:45 (170 turns).

DungeonMaster the Ducker (Demonspawn Wanderer)       Turns: 170, Time: 00:00:46

Health: -1/16      AC:  4    Str: 12    XL:     1   Next: 83%
Magic:  1/1        EV: 12    Int: 10    God:
Gold:   14         SH:  0    Dex: 15    Spells: 0/0 levels left

rFire   . . .      SeeInvis .   a - +2 hunting sling
rCold   . . .      Faith    .   (no shield)
rNeg    . . .      Spirit   .   f - +0 leather armour
rPois   .          Reflect  .   (no helmet)
rElec   .          Harm     .   e - +0 cloak
rCorr   .          Rampage  .   (no gloves)
Will    .....                   (no boots)
Stlth   +.........              (no amulet)
HPRegen 0.05/turn               (no ring)
MPRegen 0.07/turn               (no ring)

@: no status effects
A: no striking features
a: no special abilities


You were on level 1 of the Dungeon.
You visited 1 branch of the dungeon, and saw 1 of its levels.

You collected 14 gold pieces.

Inventory:

Hand Weapons
 a - a +2 hunting sling (weapon)
 c - a +0 hand crossbow
Missiles
 b - 24 sling bullets (quivered ammo)
 d - 31 bolts
 i - 23 arrows
 j - 4 poisoned darts
Armour
 e - a +0 cloak (worn)
 f - a +0 leather armour (worn)
Jewellery
 h - a ring of see invisible
Scrolls
 g - a scroll of acquirement {unknown}


   Skills:
 * Level 2.2 Fighting
 - Level 1.7 Slings
 - Level 1.0 Crossbows
 * Level 2.0 Armour
 * Level 2.8 Dodging


You couldn't memorise any spells.
You didn't know any spells.
Your spell library was empty.

Dungeon Overview and Level Annotations

Branches:
Dungeon (1/15)

Altars:


Message History

The jackal bites you but does no damage. x2
Fire: 28 sling bullets
Press: ? - help, Q - select action, (/) - cycle Shift-Dir - straight line, f/p - jackal
Aim: a jackal (heavily wounded, 55% to hit)
You shoot a sling bullet.
The sling bullet closely misses the jackal.
The jackal bites you. x2
The jackal bites you but does no damage.
The jackal misses you. The jackal closely misses you.
The jackal bites you but does no damage.
Fire: 27 sling bullets
Press: ? - help, Q - select action, (/) - cycle Shift-Dir - straight line, f/p - jackal
Aim: a jackal (heavily wounded, 55% to hit)
You shoot a sling bullet. The sling bullet hits the jackal.
The jackal is severely wounded.
The jackal bites you. The jackal barely misses you. x2
The jackal bites you. The jackal closely misses you. x2
Fire: 26 sling bullets
Press: ? - help, Q - select action, (/) - cycle Shift-Dir - straight line, f/p - jackal
Aim: a jackal (severely wounded, 55% to hit)
You shoot a sling bullet.
The sling bullet barely misses the jackal.
The jackal bites you. The jackal completely misses you. The jackal bites you.
* * * LOW HITPOINT WARNING * * *
The jackal closely misses you.
The jackal bites you but does no damage.
The jackal bites you.
* * * LOW HITPOINT WARNING * * *
Fire: 25 sling bullets
Press: ? - help, Q - select action, (/) - cycle Shift-Dir - straight line, f/p - jackal
Aim: a jackal (severely wounded, 55% to hit)
You shoot a sling bullet.
The sling bullet barely misses the jackal.
The jackal barely misses you.
The jackal bites you but does no damage.
The jackal barely misses you. The jackal bites you.
* * * LOW HITPOINT WARNING * * *
The jackal bites you.
You die...

###( #..(. #...#
##.... ##...#
#######..(#
.$.....hh#
#.....@∩#
#.......##
######...##
##...#######
##........#######
##...###........
##..# #########
#..# ....


You could see 2 jackals.

Vanquished Creatures
  A giant cockroach (D:1)
  A goblin (D:1)
  A hobgoblin (D:1)
  A jackal (D:1)
  2 rats (D:1)
6 creatures vanquished.

Notes
Turn   | Place    | Note
-------+----------+-------------------------------------------
     0 | D:1      | DungeonMaster the Demonspawn Wanderer began the quest for
                  | the Orb.
     0 | D:1      | DungeonMaster set off with the following items: a +2
                  | hunting sling, 19 sling bullets, a +0 hand crossbow, 31
                  | bolts, a +0 cloak, a +0 leather armour
     0 | D:1      | Reached XP level 1. HP: 16/16 MP: 1/1
     2 | D:1      | Noticed a troll
     2 | D:1      | Noticed a human
     4 | D:1      | Noticed a naga
     4 | D:1      | Noticed a demonspawn
     6 | D:1      | Noticed a formicid
     8 | D:1      | Noticed an octopode
     8 | D:1      | Noticed a demigod
    12 | D:1      | Noticed a vampire
    12 | D:1      | Noticed a minotaur
    14 | D:1      | Noticed a spriggan
    14 | D:1      | Noticed a draconian
    16 | D:1      | Noticed a vine stalker
    16 | D:1      | Noticed a dwarf
    18 | D:1      | Noticed an elf
    20 | D:1      | Noticed a merfolk
    20 | D:1      | Noticed a ghoul
    22 | D:1      | Noticed a gargoyle
    22 | D:1      | Noticed a tengu
    24 | D:1      | Noticed an ogre
    24 | D:1      | Noticed a felid
   138 | D:1      | Found a faded altar of an unknown god.
   170 | D:1      | Slain by a jackal

Illustrated notes

Levels and vault maps discovered:
D:1:      kb_arrival_jail, layout_loops_ring,
          hellmonk_ecumenical_altar_crossroads

Skill      XL: |  1 |
---------------+----+-----
Armour         | 2 |  2.0
Fighting       | |  2.2
Slings         | |  1.7
Crossbows      | |  1.0
Dodging        | |  2.8

Action                   || total
-------------------------++-------
 Fire: Hunting sling     ||    20
Armor: Leather armour    ||    11
Dodge: Dodged            ||    28
